 Dungeon Crawl Stone Soup version 0.30-a0-1157-g2cc9ac7196 (webtiles) character file.

Game seed: 10811500245694931675

21424 ragingrage the Carver (level 12, -14/81 HPs)
             Began as an Octopode Brigand on Apr 24, 2023.
             Was an Initiate of Gozag.
             Engulfed by a lindwurm's steam (16 damage)
             ... on level 5 of the Lair of Beasts.
             The game lasted 00:22:02 (16008 turns).

ragingrage the Carver (Octopode Brigand)           Turns: 16008, Time: 00:22:02

Health: -14/81     AC:  1    Str: 11    XL:     12   Next: 89%
Magic:  0/16       EV: 23    Int: 14    God:    Gozag
Gold:   1898       SH:  5    Dex: 17    Spells: 11/17 levels left

rFire   x . .        b - +2 short sword (drain)
rCold   + . .        B - +0 buckler
rNeg    . . .        L - +0 hat {Will+}
rPois   .            W - amulet of guardian spirit
rElec   .            f - +5 ring of evasion
rCorr   +            n - ring of resist corrosion
SInv    +            p - ring of ice
Will    ++...        Q - ring of see invisible
Stlth   ++++         K - ring of willpower
HPRegen 0.33/turn    y - +4 ring of slaying
MPRegen 0.15/turn    (no ring)
                     (no ring)

%: guardian spirit
@: silenced
A: almost no armour, amphibious, 8 rings, camouflage 1, gelatinous body 1,
nimble swimmer 1, tentacles
a: Renounce Religion


You were on level 5 of the Lair of Beasts.
You worshipped Gozag.
Gozag was most pleased with you.
You visited 2 branches of the dungeon, and saw 14 of its levels.
You also visited: Gauntlet.

You collected 2473 gold pieces.
You spent 363 gold pieces at shops.
You paid 212 gold pieces to Gozag.

Inventory:

Hand Weapons
 a - a +2 dagger of venom
 b - a +2 short sword of draining (weapon)
 i - a +0 rapier
 v - a +2 dagger
 C - a +3 short sword
 F - a +0 scimitar
Missiles
 c - 3 curare-tipped darts
 r - 22 poisoned darts
 R - 7 silver javelins
Armour
 B - a +0 buckler (worn)
 L - a +0 hat of willpower (worn)
Jewellery
 f - a +5 ring of evasion (left tentacle)
 n - a ring of resist corrosion (right tentacle)
 p - a ring of ice (on tentacle)
 s - a ring of fire
 y - a +4 ring of slaying (on tentacle)
 K - a ring of willpower (on tentacle)
 Q - a ring of see invisible (on tentacle)
 W - an amulet of guardian spirit (around mantle)
Wands
 o - a wand of polymorph (6)
 D - a wand of digging (4)
 I - a wand of flame (6)
 J - a wand of roots (12)
 P - a wand of charming (5)
Scrolls
 d - 3 scrolls of vulnerability
 e - 3 scrolls of teleportation
 h - 3 scrolls of magic mapping
 k - 5 scrolls of amnesia
 l - 2 scrolls of poison
 u - 2 scrolls of enchant weapon
 E - 2 scrolls of immolation
 S - a scroll of enchant armour {unknown}
Potions
 g - 2 potions of heal wounds
 j - 4 potions of attraction
 m - 2 potions of mutation
 q - 4 potions of curing
 t - a potion of degeneration
 w - a potion of brilliance
 x - 2 potions of lignification {unknown}
 z - a potion of might {unknown}
 A - a potion of haste
 H - 2 potions of ambrosia
 N - a potion of berserk rage {unknown}
 T - a potion of flight
 V - a potion of resistance {unknown}
Miscellaneous
 G - a phial of floods (inert)
 M - a piece from Xom's chessboard (15/15)
 U - a tin of tremorstones (2/2)


   Skills:
 + Level 7.1 Fighting
 - Level 10.0(12.7) Short Blades
 - Level 12.6(14.0) Long Blades
 - Level 4.0 Throwing
 + Level 9.1 Dodging
 + Level 5.7 Stealth
 + Level 3.3 Shields
 - Level 3.0 Spellcasting
 - Level 4.0 Hexes
 - Level 3.0 Ice Magic
 + Level 1.3 Evocations


You had 11 spell levels left.
You knew the following spells:

 Your Spells              Type           Power      Damage    Failure   Level
a - Ensorcelled Hibernat  Hex/Ice        34%        N/A       11%         2
b - Passwall              Tmut/Erth      1%         N/A       41%         2
c - Wereblood             Tmut           2%         N/A       41%         2

Your spell library contained the following spells:

 Spells                   Type           Power      Damage    Failure   Level
 Beastly Appendage        Tmut           4%         N/A       30%         1
 Summon Small Mammal      Summ           8%         N/A       30%         1
 Summon Guardian Golem    Hex/Summ       7%         N/A       36%         3
 Call Canine Familiar     Summ           2%         N/A       65%         3
 Spider Form              Tmut/Pois      2%         N/A       65%         3
 Swiftness                Air            2%         N/A       65%         3
 Vhi's Electric Charge    Tloc/Air       4%         N/A       65%         3
 Alistair's Intoxication  Tmut/Pois      1%         N/A       100%        5
 Arcjolt                  Conj/Air       1%         1d11      100%        5
 Borgnjor's Vile Clutch   Necr/Erth      1%         N/A       100%        5
 Eringya's Noxious Bog    Tmut/Pois      1%         N/A       100%        6
 Maxwell's Capacitive Co  Air            1%         ∞         100%        8


Dungeon Overview and Level Annotations

Branches:
Dungeon (9/15)             Temple (0/1) D:5            Lair (5/5) D:8
 Shoals (0/4) Lair:2      Gauntlet (visited)
  Snake: Lair:2-3    Spider: Lair:2-3     Slime: Lair:4-5       Orc: D:9-12

Altars:
Cheibriados
Dithmenos
Elyvilon
Fedhas
Gozag
Hepliaklqana
Nemelex Xobeh
Ru
Sif Muna
Trog
Wu Jian
Xom
Yredelemnul
The Shining One

Shops:
D:1 (*!*(

Annotations:
D:2 exclusion: downstairs
D:3 exclusion: downstairs, Grinder, Sigmund
D:4 Edmund
D:5 exclusions: jelly and wight
D:6 Blork the orc
D:7 2 transporters, exclusion: downstairs, Mickster's ghost, novice MiBe
Lair:1 1 exclusion
Lair:4 3 runed translucent doors, avis's ghost, journeyman DgTm


Innate Abilities, Weirdness & Mutations

You cannot wear most types of armour.
You are amphibious.
You can wear up to eight rings at the same time.
Your skin changes colour to match your surroundings (Stealth+).
Your rubbery body absorbs attacks. (AC +1, EV +1)
You are camouflaged when in or above water. (Stealth+)
You have tentacles for arms and can constrict up to eight enemies at once.


Message History

The skyshark is engulfed in water.
The wave splashes down.
Floosh!
You fall into the shallow water.
You hear an angry hiss. x3; You hear a bellow!
You hear an angry hiss.
A lindwurm comes into view.
The skyshark attacks as you move away! The skyshark bites you!
The skyshark completely misses you. You block the skyshark's attack.
The skyshark completely misses you. The skyshark misses you.
The skyshark tail-slaps you.
Aiming: Fastroot
Aim: a skyshark (lightly wounded, berserk, waterlogged)
The roots erupt in riotous growth!
Roots grab the skyshark.
The grasping roots constrict the skyshark.
You hear a roar!
You block the skyshark's attack. The skyshark barely misses you.
The skyshark tail-slaps you. You block the skyshark's attack.
The skyshark closely misses you. The skyshark tail-slaps you!
Aiming: Dig Please select a direction to dig.
Some shallow water, summoned.
Okay, then.
Aiming: Throw Flame
Aim: a skyshark (lightly wounded, berserk, constricted by roots, waterlogged, 100% to hit)
The puff of flame hits the skyshark.
The grasping roots constrict the skyshark.
The lindwurm breathes flames at you. The blast of flame hits you!!
The fire burns you terribly!
* * * LOW HITPOINT WARNING * * *
The skyshark is engulfed in a cloud of scalding steam.
The skyshark closely misses you. You block the skyshark's attack.
The skyshark tail-slaps you.
* * * LOW HITPOINT WARNING * * *
Unknown command.
Okay, then.
Okay, then.
As you read the scroll labelled BEEJIF VYOCEUNUO, it crumbles to dust.
A profound silence engulfs you.
It was a scroll of silence.
You are engulfed in a cloud of scalding steam.
You die...
Your body crumbles into a pile of gold.

#..###........P# ....P#
....##.......$...## ....#
...............# .#..?P#
.#.....P......k.#####....#
#.........####............#
......#..### ##...##.....##
....#..#..####.#.##....P#
#...P...#~~##§........##
#.........~~l@........#
##.....#.###~~###.....#
##P...### #~## #..PP##
###.## ### ##...## #...#
#...## #...# ###.### ##.##
#...# #P.### ##...#
###.P.####### #..P##


You could see a skyshark (berserk, rooted, waterlogged) and a lindwurm (catching
breath).

Vanquished Creatures
  Gastronok (Lair:1)
  A hydra (Lair:5)
  3 death yaks
  Urug (Lair:3)
  A skyshark (Lair:4)
  7 elephants
  A torpor snail (Lair:3)
  2 black mambas
  5 cane toads
  3 rime drakes
  10 komodo dragons
  2 polar bears
  7 dream sheep
  Prince Ribbit (D:5)
  3 slime creatures (D:8)
  2 wyverns
  13 yaks
  A basilisk (Lair:2)
  A steam dragon (D:7)
  A swamp worm (Lair:1)
  Duvessa (D:5)
  10 water moccasins
  2 orc warriors (D:8)
  2 ice beasts
  3 black bears
  A sky beast (D:7)
  A centaur (D:8)
  A phantom (D:7)
  2 kobold brigands (D:6)
  7 bullfrogs
  5 wights
  Dowan (D:5)
  3 killer bees (D:8)
  3 howler monkeys
  An electric eel (D:8)
  3 orc priests
  5 hounds
  A jelly (D:6)
  2 iguanas
  2 sleepcaps
  8 orc wizards
  A hound zombie (D:3)
  4 adders
  2 white imps (D:6)
  An ufetubus (D:6)
  2 adder zombies (D:3)
  A worm (D:4)
  5 dart slugs
  19 orcs
  9 endoplasms
  2 giant cockroaches
  2 goblins (D:3)
  9 hobgoblins
  13 jackals
  20 kobolds
  7 quokkas
  7 ball pythons
  2 bats (D:3)
  2 frilled lizards (D:1)
  7 rats
245 creatures vanquished.

Vanquished Creatures (others)
  29 fungi
  59 plants
88 creatures vanquished.

Grand Total: 333 creatures vanquished

Notes
Turn   | Place    | Note
-------+----------+-------------------------------------------
     0 | D:1      | ragingrage the Octopode Brigand began the quest for the
                  | Orb.
     0 | D:1      | Reached XP level 1. HP: 14/14 MP: 1/1
   226 | D:1      | Reached XP level 2. HP: 19/19 MP: 2/2
   254 | D:1      | Found Pysaurph's Distillery.
   273 | D:1      | Found Oxoph's Assorted Antiques.
   409 | D:1      | Found Orejauh's Weapon Boutique.
   603 | D:1      | Found Viofy's Antique Weapon Shoppe.
   641 | D:1      | Found Huichoane's General Store.
  1093 | D:2      | Reached XP level 3. HP: 22/24 MP: 3/3
  1816 | D:2      | Found an opulent altar of Gozag.
  1875 | D:2      | Became a worshipper of Gozag Ym Sagoz the Greedy
  2056 | D:3      | Learned a level 2 spell: Ensorcelled Hibernation
  2123 | D:3      | Found a snail-covered altar of Cheibriados.
  2128 | D:3      | Reached XP level 4. HP: 29/29 MP: 4/4
  2254 | D:3      | Found a basalt altar of Yredelemnul.
  2254 | D:3      | Noticed Grinder
  2278 | D:3      | Paralysed by Grinder for 4 turns
  2489 | D:3      | Reached skill level 1 in Ice Magic
  2496 | D:3      | Reached skill level 1 in Hexes
  2496 | D:3      | Reached XP level 5. HP: 29/34 MP: 5/5
  2589 | D:3      | Found a shadowy altar of Dithmenos.
  2727 | D:3      | Noticed Sigmund
  2935 | D:4      | Noticed Edmund
  2959 | D:4      | Found a bloodstained altar of Trog.
  2959 | D:4      | Found a sparkling altar of Nemelex Xobeh.
  2988 | D:4      | Noticed a black bear
  2991 | D:4      | Found a hazy altar of Hepliaklqana.
  2995 | D:4      | Killed a black bear
  2998 | D:4      | Reached XP level 6. HP: 39/39 MP: 6/6
  3029 | D:4      | Learned a level 2 spell: Passwall
  3231 | D:4      | Reached skill level 5 in Short Blades
  3392 | D:1      | Bought a scroll labelled BODACU ALOPS for 20 gold pieces
  3392 | D:1      | Bought a scroll labelled IXTOSHR XUSI for 20 gold pieces
  3392 | D:1      | Bought a scroll labelled WUJECIFIHI for 20 gold pieces
  3392 | D:1      | Bought a scroll labelled BEHUCU MAUQO for 20 gold pieces
  3392 | D:1      | Bought a scroll labelled SIXEOB FE POID for 20 gold pieces
  3392 | D:1      | Bought a scroll labelled IXTOSHR XUSI for 20 gold pieces
  3392 | D:1      | Bought a runed dagger for 100 gold pieces
  3409 | D:1      | Bought 2 potions of heal wounds for 110 gold pieces
  3409 | D:1      | Bought a potion of curing for 33 gold pieces
  3694 | D:5      | Entered Level 5 of the Dungeon
  3848 | D:5      | Found a shimmering altar of Xom.
  3849 | D:5      | Found a blossoming altar of Fedhas.
  3850 | D:5      | Found an ornate altar of the Wu Jian Council.
  3905 | D:5      | Found a white marble altar of Elyvilon.
  3927 | D:5      | Found a staircase to the Ecumenical Temple.
  4092 | D:4      | Reached XP level 7. HP: 45/45 MP: 7/7
  4275 | D:5      | Reached skill level 1 in Spellcasting
  4672 | D:6      | Noticed Duvessa
  4689 | D:6      | Noticed Dowan
  4702 | D:6      | Noticed Prince Ribbit
  4932 | D:6      | Reached XP level 8. HP: 29/50 MP: 2/9
  5199 | D:5      | HP: 2/50 [poisoned by Dowan]
  5659 | D:5      | Killed Prince Ribbit
  5680 | D:5      | Killed Duvessa
  5690 | D:5      | Killed Dowan
  6163 | D:6      | Noticed Blork the orc
  6202 | D:7      | Found a transporter.
  6203 | D:7      | Noticed Mickster's ghost (novice MiBe)
  6204 | D:7      | Found a transporter.
  6206 | D:7      | Identified the +5 dire flail of Greatest Utility {pain,
                  | *Rage +Blink rC+ Str+3}
  6491 | D:7      | Reached XP level 9. HP: 54/54 MP: 10/10
  6513 | D:7      | Found a sacrificial altar of Ru.
  6668 | D:7      | Reached skill level 10 in Short Blades
  6903 | D:7      | Learned a level 2 spell: Wereblood
  7476 | D:7      | Found a shimmering blue altar of Sif Muna.
  8255 | D:8      | Reached skill level 1 in Shields
  8285 | D:7      | Reached skill level 5 in Dodging
  8549 | D:8      | Noticed a death yak
  8550 | D:8      | Noticed a death yak
  8612 | D:8      | Killed a death yak
  8613 | D:8      | Reached XP level 10. HP: 20/64 MP: 13/13
  9329 | D:8      | Noticed a death yak
  9572 | D:7      | Killed a death yak
  9573 | D:7      | Reached skill level 5 in Fighting
  9702 | D:8      | Found a glowing golden altar of the Shining One.
  9916 | D:8      | Found a staircase to the Lair.
 10148 | Lair:1   | Entered Level 1 of the Lair of Beasts
 10202 | Lair:1   | Noticed a black mamba
 10212 | Lair:1   | Noticed Gastronok
 10280 | Lair:1   | Noticed a cane toad
 10290 | Lair:1   | Killed a cane toad
 10386 | Lair:1   | Found a gate leading to a gauntlet.
 10463 | Gauntlet | Entered a Gauntlet
 10463 | Gauntlet | Noticed a worldbinder
 10463 | Gauntlet | Found a transporter.
 10463 | Gauntlet | Found a transporter.
 10484 | Gauntlet | Found a runed translucent door.
 10487 | Gauntlet | Found a transporter.
 10488 | Gauntlet | Found a transporter.
 10490 | Gauntlet | Noticed a spectral six-headed hydra
 10495 | Gauntlet | Noticed a death scarab
 10496 | Gauntlet | Found a transporter.
 10499 | Gauntlet | Found a transporter.
 10507 | Gauntlet | Found a transporter.
 10507 | Gauntlet | Noticed a fire crab
 10525 | Gauntlet | Found a transporter.
 10533 | Gauntlet | Noticed a balrug
 10542 | Gauntlet | Found a transporter.
 10545 | Gauntlet | Found a transporter.
 10555 | Gauntlet | Found a transporter.
 10558 | Gauntlet | Found a transporter.
 10775 | Lair:1   | Noticed a cane toad
 10781 | Lair:1   | Killed a cane toad
 10782 | Lair:1   | Reached XP level 11. HP: 72/72 MP: 12/15
 10850 | Lair:1   | Killed Gastronok
 10851 | Lair:1   | Reached skill level 2 in Long Blades
 11153 | Lair:1   | Reached skill level 3 in Long Blades
 11274 | Lair:2   | Reached skill level 4 in Long Blades
 11526 | Lair:2   | Reached skill level 5 in Long Blades
 11638 | Lair:2   | Found a staircase to the Shoals.
 11697 | Lair:3   | Reached skill level 6 in Long Blades
 11958 | Lair:3   | Reached skill level 7 in Long Blades
 12482 | Lair:3   | Reached skill level 8 in Long Blades
 13080 | Lair:3   | Noticed Urug
 13088 | Lair:3   | Killed Urug
 13089 | Lair:3   | Reached XP level 12. HP: 76/81 MP: 8/16
 13499 | Lair:4   | Reached skill level 9 in Long Blades
 13580 | Lair:4   | Found a runed translucent gate.
 13581 | Lair:4   | Found a runed translucent gate.
 13582 | Lair:4   | Found a runed translucent gate.
 13584 | Lair:4   | Noticed avis's ghost (journeyman DgTm)
 13692 | Lair:4   | Reached skill level 10 in Long Blades
 14547 | Lair:5   | Entered Level 5 of the Lair of Beasts
 14547 | Lair:5   | Noticed a skyshark
 14562 | Lair:4   | Killed a skyshark
 14775 | Lair:5   | Noticed a seven-headed hydra
 14822 | Lair:4   | Reached skill level 11 in Long Blades
 15128 | Lair:5   | Noticed a five-headed hydra
 15209 | Lair:5   | Noticed a death yak
 15265 | Lair:4   | Killed a death yak
 15266 | Lair:4   | Reached skill level 12 in Long Blades
 15573 | Lair:5   | Killed a five-headed hydra
 15856 | Lair:5   | Reached skill level 1 in Evocations
 15997 | Lair:5   | Noticed a skyshark
 16007 | Lair:5   | HP: 2/81 [skyshark (5)]
 16008 | Lair:5   | Engulfed by a lindwurm's steam

Illustrated notes

Levels and vault maps discovered:
D:1:      dpeg_arrival_stonehenge_12_columns, layout_basic, serial_shops,
          nicolae_shop_pleasant_corner_grove, shop, shop,
          nicolae_shop_pleasant_corner_grove, nicolae_shop_peninsula
D:2:      layout_basic, basic_altar, eino_tiny_chamber
D:3:      layout_rooms, nicolae_yredelemnul_corpse_copse,
          mainiacjoe_overflow_24_doors, kennysheep_slug_shrine,
          hangedman_decor_clover_reticule, grunt_ministairs_11,
          minmay_diced_spiral, uniq_grinder, uniq_sigmund
D:4:      layout_loops_ring, overflow_temple_1_default,
          amethyst_overflow_temple_binary, uniq_edmund
D:5:      layout_layer_cave, nicolae_overflow_quartered_altars,
          minmay_temple_entry_drinking_statues, uniq_eustachio
D:6:      layout_cave_pools, bloody_makhleb, wad_rectangle_vault, uniq_duvessa,
          uniq_prince_ribbit1, uniq_blork_the_orc
D:7:      layout_gridville, nicolae_ru_great_annihilating_truth,
          nicolae_sif_muna_condensation, gammafunk_ghost_smash,
          solitary_fountain
D:8:      layout_cave_pools, nicolae_tso_swordbearing_angel, dpeg_lair_monsters,
          lightli_minifort
D:9:      layout_layer_cave, okawaru_humans, st_stairs_4, uniq_pikel,
          uniq_erolcha
Lair:1:   layout_misc_corridors, gauntlet_entry_generic, worms_lemuel,
          serial_bayou_shore_b, uniq_gastronok
Lair:2:   layout_chaotic_city, minmay_shoals_entry_lonely_mermaid,
          guppyfry_snake_entry_island, chequers_serial_rivers_micro_d,
          nicolae_lair_lil_pond, beast_lair_carwin_1, lemuel_fruit_tree,
          serial_bayou_shore_b
Lair:3:   layout_regular_city, chequers_serial_rivers_marsh,
          serial_bayou_lagoon_a, grunt_forest_small_clearing_treed, uniq_urug
Lair:4:   layout_concentric_octagons, gammafunk_ghost_split, st_stairs_7
Lair:5:   evilmike_catoblepas_cave, layout_loops_ring, slime_entry_1,
          st_stairs_4, serial_bayou_shore_a

Skill      XL: |  1  2  3  4  5  6  7  8  9 10 11 12 |
---------------+-------------------------------------+-----
Short Blades   | 3 4 5 7 9 10 | 10.0
Ice Magic      | 1 2 3 |  3.0
Hexes          | 1 2 3 4 |  4.0
Spellcasting   | 1 2 3 |  3.0
Dodging        | 7 9 |  9.1
Fighting       | 4 6 7 |  7.1
Shields        | 2 3 |  3.3
Throwing       | 4 |  4.0
Long Blades    | 8 12 | 12.6
Evocations     | 1 |  1.3
Stealth        | |  5.7

Action                     |  1- 3 |  4- 6 |  7- 9 | 10-12 || total
---------------------------+-------+-------+-------+-------++-------
  Melee: Dagger            |    83 |    94 |   221 |     5 ||   403
         Tentacles         |    13 |    21 |    82 |   139 ||   255
         Constrict         |    22 |    22 |    35 |    26 ||   105
         Punch             |     1 |     2 |     6 |     9 ||    18
         Unarmed           |       |       |    10 |       ||    10
         Short sword       |       |       |    45 |   441 ||   486
  Throw: Dart              |       |       |     3 |    15 ||    18
   Cast: Ensorcelled Hiber |       |     4 |    15 |   105 ||   124
 Invoke: Potion Petition   |       |       |       |     1 ||     1
  Evoke: Wand              |       |       |       |     9 ||     9
         Phial of floods   |       |       |       |     1 ||     1
    Use: Scroll            |       |     6 |     1 |     9 ||    16
         Potion            |       |     1 |     8 |     2 ||    11
   Stab: Sleeping          |    17 |    11 |    14 |    41 ||    83
         Distracted        |       |     1 |     1 |     1 ||     3
         Paralysed         |       |       |     1 |       ||     1
 Armour: Skin              |     1 |       |    44 |    17 ||    62
  Dodge: Dodged            |    33 |    59 |   152 |   266 ||   510
  Block: Buckler           |       |       |     9 |    74 ||    83

Table legend: (Time is in decaauts)
 A = Elapsed time spent in this place.
 B = Non-inter-level travel time spent in this place.
 C = Inter-level travel time spent in this place.
 D = Time resting spent in this place.
 E = Time spent auto-exploring this place.
 F = Levels seen in this place.
 G = Mean time per level.
                   A        B        C        D        E       F      G
               +--------+--------+--------+--------+--------+-----+--------+
         Total |  15672 |  14726 |    946 |   5154 |   6413 |  15 | 1044.8 |
       Dungeon |   9935 |   9213 |    722 |   3234 |   4117 |   9 | 1103.9 |
          Lair |   5537 |   5314 |    223 |   1920 |   2158 |   5 | 1107.4 |
      Gauntlet |    198 |    198 |      0 |      0 |    138 |   1 |  198.0 |
               +--------+--------+--------+--------+--------+-----+--------+

Top non-repeatable levels by time:
     D:7: 2038 daAuts
     D:5: 1912 daAuts
  Lair:3: 1862 daAuts
     D:8: 1792 daAuts
  Lair:4: 1706 daAuts
     D:3: 1101 daAuts
     D:1: 1074 daAuts
     D:2: 1042 daAuts
  Lair:1: 870 daAuts
  Lair:5: 674 daAuts
     D:4: 505 daAuts
     D:6: 466 daAuts
  Lair:2: 424 daAuts
Gauntlet: 198 daAuts
     D:9: 1 daAuts
